 Dungeon Sprint DCSS version 0.31-a0-846-gb3bcc0d938 (webtiles) character file.

Game seed: 17408074546554390723

1836 sircluck the Grappler (level 8, -11/91 HPs)
             Began as a Troll Berserker on Oct 3, 2023.
             Was a High Priest of Trog.
             Mangled by an earth elemental (29 damage)
             ... in the Dungeon (Sprint III: "The Ten Rune Challenge").
             The game lasted 00:01:31 (416 turns).

sircluck the Grappler (Troll Berserker)              Turns: 416, Time: 00:01:31

Health: -11/91     AC:  4    Str: 27    XL:     8   Next: 87%
Magic:  7/7        EV: 13    Int:  0    God:    Trog [*****.]
Gold:   34         SH:  0    Dex: 13    Spells: 7/7 levels left

rFire   . .          .
                       - Unarmed
rCold   x . .        (no shield)
rNeg    . . .        a - +0 animal skin
rPois   .            (helmet restricted)
rElec   .            (no cloak)
rCorr   .            (gloves unavailable)
SInv    .            (boots unavailable)
Will    .....        (no amulet)
Stlth   +++          (no ring)
HPRegen 1.15/turn    (no ring)
MPRegen 0.10/turn

%: no teleportation
@: slowed, lost intelligence, unable to read, very slow
A: large, unfitting armour, claws 3, regeneration 1, shaggy fur 1, tough skin 1,
beak, agile 1, dopey 1, screaming 1, evolution 1, cold vulnerability 1
a: Renounce Religion, Berserk, Trog's Hand, Brothers in Arms


You were in the Dungeon.
You worshipped Trog.
Trog was extremely pleased with you.
You visited 1 branch You collected 34 gold pieces.

Inventory:

Armour
 a - a +0 animal skin (worn)
Wands
 i - a wand of paralysis (7)
Scrolls
 g - a scroll of blinking
 j - 2 scrolls of immolation {unknown}
 k - a scroll of identify {unknown}
 l - a scroll of enchant armour {unknown}
Potions
 b - 2 potions of curing
 c - 2 potions of heal wounds
 d - a potion of haste
 e - 3 potions of magic
 f - a potion of berserk rage
 h - a potion of resistance
 m - a potion of attraction {unknown}
 n - a potion of brilliance {unknown}
Miscellaneous
 o - a lightning rod (4/4)


   Skills:
 + Level 8.9 Fighting
 + Level 8.9 Dodging
 + Level 6.3 Stealth
 + Level 10.5 Unarmed Combat


You had 7 spell levels left.
You didn't know any spells.
Your spell library was empty.

Dungeon Overview and Level Annotations

Branches:
Dungeon (1/1)

Altars:
Cheibriados
Dithmenos
Elyvilon
Fedhas
Gozag
Hepliaklqana
Kikubaaqudgha
Makhleb
Nemelex Xobeh
Okawaru
Qazlal
Ru
Sif Muna
Trog
Uskayaw
Vehumet
Wu Jian
Xom
Yredelemnul
Zin
The Shining One
Jiyva
Lugonu


Innate Abilities, Weirdness & Mutations

You are too large for most types of armour.
You have claws for hands.
Your natural rate of healing is unusually fast.
You are covered in fur. (AC +1)
You have tough skin. (AC +1)
You have a beak for a mouth.
You are agile. (Dex +4, Str/Int -1)
You are dopey. (Int -2)
You occasionally shout uncontrollably at your foes.
You have hidden genetic potential.
You are vulnerable to cold. (rC-)


Message History

Josephine draws life force from you!
Josephine is healed by the life force!
Josephine points at you and mumbles some strange words.
The ghostly flame explodes!
The ghostly fireball engulfs you!!
You feel drained.
* * * LOW HITPOINT WARNING * * *
The ghostly fireball engulfs Josephine.
Josephine completely resists.
You mangle Josephine!!
You kill Josephine!
Trog accepts your kill.
Trog appreciates your killing of a magic user.
Your life force feels restored.
Your Stealth skill increases to level 6!
Your Unarmed Combat skill increases to level 10!
Things that are here:
a +0 dagger; a +0 robe; the human corpse of Josephine Unknown command.
You start resting.
You feel a genetic drift.
You start resting.
HP restored.
You enter the shallow water.
You open the door.
An earth elemental comes into view.
There is an open door here.
The earth elemental barely misses you. The earth elemental closely misses you.
The earth elemental hits you!!!
The earth elemental completely misses you.
The earth elemental barely misses you. The earth elemental hits you!
The earth elemental closely misses you. The earth elemental closely misses you.
The earth elemental hits you!!
* * * LOW HITPOINT WARNING * * *
The earth elemental misses you. The earth elemental misses you.
The earth elemental hits you!
* * * LOW HITPOINT WARNING * * *
The earth elemental hits you!!
You die...

###########
___#___#__#
)..#__)#._#
##'#†###)##
..........#
.⌠........#
...######'#
.⌠.#__#...#+#######
...#__#...#..§§§@§#
'###__#...#.#~§§#E#
.))#__#...'.#.§.#.#
___#__'...#.#§)§#..
▓▓▓▓▓▓▓▓▓▓▓▓▓▓▓▓▓▓▓▓


You could see an earth elemental.

Vanquished Creatures
  Josephine (D)
  A deep elf pyromancer (D)
  A shadow (D)
  A spatial vortex (D)
  A necrophage (D)
  A water elemental (D)
  A jelly (D)
  A wizard (D)
  Jessica (D)
  A necromancer (D)
  3 humans (D)
  A kobold demonologist (D)
  A wolf (D)
  3 rats (D)
18 creatures vanquished.

Notes
Turn   | Place    | Note
-------+----------+-------------------------------------------
     0 | D        | sircluck the Troll Berserker began the quest for the Orb.
     0 | D        | Reached XP level 1. HP: 22/22 MP: 0/0
    16 | D        | Noticed Jessica
    20 | D        | Killed Jessica
    20 | D        | Reached ** piety under Trog
    21 | D        | Reached skill level 1 in Stealth
    21 | D        | Reached skill level 4 in Unarmed Combat
    21 | D        | Reached XP level 2. HP: 19/31 MP: 1/1
    63 | D        | Reached XP level 3. HP: 31/39 MP: 2/2
    80 | D        | Reached *** piety under Trog
   102 | D        | Gained mutation: You are vulnerable to cold. (rC-) [potion
                  | of mutation]
   102 | D        | Gained mutation: Your mind is acute. (Int +4, Str/Dex -1)
                  | [potion of mutation]
   102 | D        | Gained mutation: You sometimes lose your temper in combat.
                  | [potion of mutation]
   103 | D        | Lost mutation: Your mind is acute. (Int +4, Str/Dex -1)
                  | [potion of mutation]
   103 | D        | Lost mutation: You sometimes lose your temper in combat.
                  | [potion of mutation]
   103 | D        | Gained mutation: You are dopey. (Int -2) [potion of
                  | mutation]
   103 | D        | Gained mutation: You occasionally shout uncontrollably at
                  | your foes. [potion of mutation]
   103 | D        | Gained mutation: You have hidden genetic potential. [potion
                  | of mutation]
   120 | D        | Noticed a water elemental
   126 | D        | Killed a water elemental
   127 | D        | Reached skill level 5 in Unarmed Combat
   127 | D        | Reached XP level 4. HP: 21/49 MP: 3/3
   152 | D        | Gained mutation: You have great hidden genetic potential.
                  | [hidden potential]
   155 | D        | Found a glowing silver altar of Zin.
   155 | D        | Found a glowing golden altar of the Shining One.
   155 | D        | Found a white marble altar of Elyvilon.
   156 | D        | Noticed a deep elf pyromancer
   162 | D        | Killed a deep elf pyromancer
   163 | D        | Reached skill level 8 in Unarmed Combat
   163 | D        | Reached XP level 5. HP: 49/61 MP: 4/4
   163 | D        | Reached XP level 6. HP: 54/68 MP: 5/5
   166 | D        | Gained mutation: You have a beak for a mouth. [hidden
                  | potential]
   166 | D        | Lost mutation: You have great hidden genetic potential.
                  | [hidden potential expressed]
   178 | D        | Found a hide-covered altar of Uskayaw.
   178 | D        | Found an iron altar of Okawaru.
   178 | D        | Found a bloodstained altar of Trog.
   178 | D        | Found an ornate altar of the Wu Jian Council.
   178 | D        | Noticed a human
   178 | D        | Noticed a human
   186 | D        | Killed a human
   186 | D        | Reached **** piety under Trog
   187 | D        | Reached XP level 7. HP: 42/78 MP: 6/6
   188 | D        | Killed a human
   189 | D        | Reached skill level 5 in Stealth
   189 | D        | Reached skill level 9 in Unarmed Combat
   196 | D        | Lost intelligence.
   196 | D        | Gained mutation: You are agile. (Dex +4, Str/Int -1)
                  | [hidden potential]
   223 | D        | Found a basalt altar of Yredelemnul.
   223 | D        | Found a shadowy altar of Dithmenos.
   223 | D        | Found a sacrificial altar of Ru.
   280 | D        | Found a radiant altar of Vehumet.
   280 | D        | Found a shimmering blue altar of Sif Muna.
   280 | D        | Found an ancient bone altar of Kikubaaqudgha.
   284 | D        | Reached ***** piety under Trog
   297 | D        | Noticed a shadow
   299 | D        | Killed a shadow
   300 | D        | Reached XP level 8. HP: 84/88 MP: 7/7
   308 | D        | Found a blossoming altar of Fedhas.
   308 | D        | Found a stormy altar of Qazlal.
   308 | D        | Found a snail-covered altar of Cheibriados.
   308 | D        | Found a burning altar of Makhleb.
   308 | D        | Found a shimmering altar of Xom.
   309 | D        | Found a hazy altar of Hepliaklqana.
   309 | D        | Found an opulent altar of Gozag.
   309 | D        | Found a sparkling altar of Nemelex Xobeh.
   309 | D        | Found a corrupted altar of Lugonu.
   309 | D        | Found a viscous altar of Jiyva.
   337 | D        | Noticed Josephine
   346 | D        | Killed Josephine
   347 | D        | Reached skill level 10 in Unarmed Combat
   416 | D        | Mangled by an earth elemental

Illustrated notes

Levels and vault maps discovered:
D:        dungeon_sprint_mu [sprint_mu_entry_forest, sprint_mu_temple_rooms,
          sprint_mu_d1_horrors, sprint_mu_d2_genie, sprint_mu_d3_branching,
          sprint_mu_orc_legion, sprint_mu_elf_gauntlet, sprint_mu_hive_nellie,
          sprint_mu_lair_fedhas, sprint_mu_vaults_butterflies,
          sprint_mu_slime_circle, sprint_mu_swamp_cave, sprint_mu_shoals_kraken,
          sprint_mu_blade_basic, sprint_mu_crypt_chambers,
          sprint_mu_tomb_spiral, sprint_mu_vestibule_basic,
          sprint_mu_gehenna_hellfire, sprint_mu_dis_giant,
          sprint_mu_tartarus_statrot, sprint_mu_cocytus_islands, sprint_mu_zot1]

Skill      XL: |  1  2  3  4  5  6  7  8 |
---------------+-------------------------+-----
Fighting       | 3 4 6 7 8 |  8.9
Dodging        | 3 4 6 7 8 |  8.9
Stealth        | 1 2 4 5 6 |  6.3
Unarmed Combat | 4 5 8 9 10 | 10.5

Action                     |  1- 3 |  4- 6 |  7- 9 || total
---------------------------+-------+-------+-------++-------
  Melee: Unarmed           |    27 |    13 |    25 ||    65
         Peck              |       |       |     5 ||     5
         Punch             |       |       |     2 ||     2
    Use: Potion            |     3 |       |       ||     3
   Stab: Sleeping          |     1 |     1 |     3 ||     5
 Armour: Animal skin       |    15 |     9 |    18 ||    42
  Dodge: Dodged            |    13 |     2 |    13 ||    28

Table legend: (Time is in decaauts)
 A = Elapsed time spent in this place.
 B = Non-inter-level travel time spent in this place.
 C = Inter-level travel time spent in this place.
 D = Time resting spent in this place.
 E = Time spent auto-exploring this place.
 F = Levels seen in this place.
 G = Mean time per level.
                   A        B        C        D        E       F      G
               +--------+--------+--------+--------+--------+-----+--------+
         Total |    513 |    513 |      0 |    114 |    209 |   1 |  513.0 |
       Dungeon |    513 |    513 |      0 |    114 |    209 |   1 |  513.0 |
               +--------+--------+--------+--------+--------+-----+--------+

Top non-repeatable levels by time:
       D: 513 daAuts
